 Dungeon Crawl Stone Soup version 0.25.0-46-gbd7b0854d2 (webtiles) character file.

Game seed: 2912081541579928886

123 Jimbable the Poker (level 5, -2/40 HPs)
             Began as a Merfolk Gladiator on July 16, 2020.
             Was an Initiate of Gozag.
             Slain by an orc wizard
             ... wielding a +0 mace
              (3 damage)
             ... on level 3 of the Dungeon.
             The game lasted 00:03:37 (2828 turns).

Jimbable the Poker (Merfolk Gladiator)              Turns: 2828, Time: 00:03:38

Health: -2/40      AC:  4    Str: 15    XL:     5   Next: 7%
Magic:  5/5        EV: 10    Int:  8    God:    Gozag
Gold:   130        SH:  0    Dex: 15    Spells: 4/4 levels left

rFire    + . .     SeeInvis .   a - +0 trident
rCold    x . .     Gourm    .   (no shield)
rNeg     . . .     Faith    .   b - +0 leather armour
rPois    .         Spirit   .   c - +0 helmet
rElec    .         Reflect  .   (no cloak)
rCorr    .         Harm     .   (no gloves)
MR       .....                  (no boots)
Stlth    +.........             p - amulet of the acrobat
HPRegen  0.13/turn              q - -4 ring of evasion (curse)
MPRegen  0.09/turn              r - ring of fire

@: no status effects
A: change form in water, swift swim, stealthy swim
a: Potion Petition, Call Merchant, Bribe Branch, Renounce Religion


You were on level 3 of the Dungeon.
You worshipped Gozag.
Gozag was aware of your devotion.
You were very hungry.

You visited 1 branch of the dungeon, and saw 3 of its levels.

You collected 182 gold pieces.
You paid 52 gold pieces to Gozag.

Inventory:

Hand Weapons
 a - a +0 trident (weapon)
Missiles
 d - 3 throwing nets (quivered)
Armour
 b - a +0 leather armour (worn)
 c - a +0 helmet (worn)
Jewellery
 p - an amulet of the acrobat (around neck)
 q - a cursed -4 ring of evasion (left hand)
 r - a ring of fire (right hand)
Wands
 g - a wand of acid (7)
Scrolls
 e - 2 scrolls of amnesia {unknown}
 h - a scroll of identify {unknown}
 j - 2 scrolls of enchant armour {unknown}
 l - a scroll of magic mapping {unknown}
 o - 2 scrolls of remove curse {unknown}
Potions
 i - a potion of invisibility {unknown}
 k - a potion of lignification {unknown}
 m - a potion of flight {unknown}
 n - a potion of stabbing {unknown}
Comestibles
 f - 7 rations


   Skills:
 + Level 2.8 Fighting
 + Level 6.4 Polearms
 + Level 2.1 Throwing
 + Level 1.2 Armour
 + Level 4.7 Dodging


You had 4 spell levels left.
You didn't know any spells.
Your spell library was empty.

Dungeon Overview and Level Annotations

Branches:
Dungeon (3/15)

Altars:
Dithmenos
Gozag
Nemelex Xobeh


Message History

You closely miss the orc wizard.
The orc wizard is moderately wounded.
The orc wizard gestures at you while chanting.
The puff of flame hits you. You resist.
* * * LOW HITPOINT WARNING * * *
You hit the orc wizard.
The orc wizard is severely wounded.
The orc wizard casts a spell at you. The magic dart hits you.
* * * LOW HITPOINT WARNING * * *
You hit the orc wizard.
The orc wizard is almost dead.
The orc wizard casts a spell at you. The puff of flame hits you. You resist.
* * * LOW HITPOINT WARNING * * *
You hit the orc wizard.
The orc wizard is almost dead.
The orc wizard hits you with a +0 mace.
You die...
Your body crumbles into a pile of gold.

#.#.# # ... $#.# #. o...
#.# #. ....##### #.
......... #. ........##
##### #. #....... #...#
#.## #....$.#########...#
#. #....$oo@$(...##...#
#.##
#......######.##...#.#...
#......# #.##...#.#...
##.###.. #.#.##...#.#.>.
# ### #.#......#.#...
########.####...#.#...
............#....#.#...
#..(.........+...(#.#...
#............###).......


You could see an orc wizard and an orc.

Vanquished Creatures
  An orc priest (D:3)
  An adder (D:3)
  An ooze (D:2)
  A worm (D:2)
  A dart slug (D:3)
  4 leopard geckos
  2 orcs (D:3)
  3 ball pythons (D:2)
  2 giant cockroaches (D:3)
  4 goblins
  6 hobgoblins
  15 jackals
  9 bats
  5 frilled lizards
  8 kobolds
  5 rats
68 creatures vanquished.

Notes
Turn   | Place    | Note
-------+----------+-------------------------------------------
     0 | D:1      | Jimbable the Merfolk Gladiator began the quest for the Orb.
     0 | D:1      | Reached XP level 1. HP: 16/16 MP: 1/1
   130 | D:1      | Reached XP level 2. HP: 23/23 MP: 2/2
   519 | D:1      | Reached skill level 5 in Polearms
   727 | D:2      | Found an opulent altar of Gozag.
   756 | D:2      | Reached XP level 3. HP: 26/28 MP: 3/3
  1670 | D:2      | Reached XP level 4. HP: 34/34 MP: 4/4
  1738 | D:2      | Found a sparkling altar of Nemelex Xobeh.
  2120 | D:3      | Found a shadowy altar of Dithmenos.
  2130 | D:3      | Reached skill level 6 in Polearms
  2383 | D:2      | Became a worshipper of Gozag Ym Sagoz the Greedy
  2797 | D:3      | Reached skill level 1 in Armour
  2812 | D:3      | Reached XP level 5. HP: 30/40 MP: 5/5
  2826 | D:3      | HP: 2/40 [orc wizard/magic dart (6)]
  2828 | D:3      | Slain by an orc wizard

Illustrated notes

Levels and vault maps discovered:
D:1:      dpeg_arrival_short_road, layout_loops_ring
D:2:      layout_loops_ring, nicolae_overflow_hidden_temple,
          nemelex_lonely_heart_becter
D:3:      layout_basic, grunt_dithmenos_smoke_and_mirrors

Skill      XL: |  1  2  3  4 |
---------------+-------------+-----
Polearms       | 5 6 |  6.4
Armour         | 1 |  1.2
Fighting       | |  2.8
Throwing       | |  2.1
Dodging        | |  4.7

Action                   |  1- 3 |  4- 6 || total
-------------------------+-------+-------++-------
Melee: Trident           |   136 |   105 ||   241
 Stab: Sleeping          |     3 |       ||     3
  Eat: Chunk             |     3 |     2 ||     5
Armor: Leather armour    |    34 |    39 ||    73
Dodge: Dodged            |    70 |    57 ||   127
